 Dungeon Crawl Stone Soup version 0.26-a0-1012-gedcf9b2963 (webtiles) character file.

Game seed: 14694885224225529720

18 Morbidden the Conjurer (level 2, -4/19 HPs)
             Began as a Demonspawn Conjurer on Dec 7, 2020.
             Slain by Terence
             ... wielding a +0 mace
              (5 damage)
             ... on level 2 of the Dungeon.
             The game lasted 00:01:12 (1152 turns).

Morbidden the Conjurer (Demonspawn Conjurer)        Turns: 1152, Time: 00:01:12

Health: -4/19      AC:  2    Str:  7    XL:     2   Next: 48%
Magic:  0/5        EV: 12    Int: 19    God:
Gold:   78         SH:  0    Dex: 11    Spells: 2/5 levels left

rFire    + . .     SeeInvis .   (no weapon)
rCold    + . .     Faith    .   (no shield)
rNeg     . . .     Spirit   .   a - +0 robe
rPois    +         Reflect  .   (no helmet)
rElec    +         Harm     .   (no cloak)
rCorr    +         Rampage  .   (no gloves)
Will     .....                  (no boots)
Stlth    +.........             (no amulet)
HPRegen  0.06/turn              (no ring)
MPRegen  0.09/turn              (no ring)

@: resistant
A: hooves 1
a: no special abilities


You were on level 2 of the Dungeon.
You visited 1 branch of the dungeon, and saw 2 of its levels.

You collected 78 gold pieces.

Inventory:

Armour
 a - a +0 robe (worn)
Jewellery
 l - a cursed amulet of inaccuracy {unknown}
Scrolls
 b - a scroll of identify {unknown}
 c - a scroll of fog {unknown}
 f - 2 scrolls of remove curse {unknown}
 g - a scroll of teleportation {unknown}
 h - a scroll of blinking {unknown}
 j - a scroll of magic mapping {unknown}
 k - a scroll of enchant weapon {unknown}
Potions
 d - a potion of curing


   Skills:
 * Level 0.1 Fighting
 + Level 1.8 Dodging
 + Level 1.7 Stealth
 * Level 2.3 Spellcasting
 * Level 4.4 Conjurations


You had 2 spell levels left.
You knew the following spells:

 Your Spells              Type           Power        Failure   Level
a - Magic Dart            Conj           ###.         2%          1
b - Searing Ray           Conj           ###...       4%          2

Your spell library contained the following spells:

 Spells                   Type           Power        Failure   Level
 Dazzling Flash           Conj/Hex       ##....       21%         3
 Fulminant Prism          Conj/Hex       ##........   54%         4
 Iskenderun's Mystic Bla  Conj/Tloc      ##......     54%         4


Dungeon Overview and Level Annotations

Branches:
Dungeon (2/15)

Altars:

Annotations:
D:2 Terence


Innate Abilities, Weirdness & Mutations

You have large cloven feet.


Message History

Aiming: Magic Dart (safe; 2% risk of failure)
Press: ? - help, Shift-Dir - straight line, f - rat, p - Terence
Aim: a rat (0% to evade)
The magic dart hits Terence but does no damage.
Terence is heavily wounded.
The adder misses you. The adder bites you.
* * * LOW HITPOINT WARNING * * *
You hit Terence.
Terence is heavily wounded.
Terence barely misses you. The adder bites you.
* * * LOW HITPOINT WARNING * * *
You hit Terence but do no damage.
Terence is heavily wounded.
The adder barely misses you. Terence barely misses you.
You hit Terence but do no damage.
Terence is heavily wounded.
The adder bites you.
* * * LOW HITPOINT WARNING * * *
Terence hits you with a +0 mace.
You die...

##.............
#.############
#.# #.# #.# #g#
#r# #@# #@# #S#
#l# ... ...
..... ##.## #.#


You could see Terence, an adder, a hobgoblin, a frilled lizard and a rat.

Vanquished Creatures
  An ooze (D:1)
  A giant cockroach (D:1)
  2 goblins (D:1)
  A hobgoblin (D:1)
  2 jackals (D:1)
  3 kobolds (D:1)
  2 rats (D:1)
12 creatures vanquished.

Notes
Turn   | Place    | Note
-------+----------+-------------------------------------------
     0 | D:1      | Morbidden the Demonspawn Conjurer began the quest for the
                  | Orb.
     0 | D:1      | Reached XP level 1. HP: 13/13 MP: 3/3
   217 | D:1      | Gained mutation: You have large cloven feet. [demonic
                  | ancestry]
   217 | D:1      | Reached XP level 2. HP: 5/19 MP: 0/5
   701 | D:1      | Learned a level 2 spell: Searing Ray
  1111 | D:2      | Noticed Terence
  1152 | D:2      | Slain by Terence

Illustrated notes

Levels and vault maps discovered:
D:1:      psy_arrival_conway, layout_rooms, kennysheep_pointless_box
D:2:      cheibrodos_old_hovel, layout_loops_corners, uniq_terence

Action                   || total
-------------------------++-------
Melee: Unarmed           ||     9
       Kick              ||     1
 Cast: Magic Dart        ||    29
       Searing Ray       ||     1
  Use: Potion            ||     4
Armor: Robe              ||     3
Dodge: Dodged            ||    18

Table legend: (Time is in decaauts)
 A = Elapsed time spent in this place.
 B = Non-inter-level travel time spent in this place.
 C = Inter-level travel time spent in this place.
 D = Time resting spent in this place.
 E = Time spent auto-exploring this place.
 F = Levels seen in this place.
 G = Mean time per level.
                   A        B        C        D        E       F      G
               +--------+--------+--------+--------+--------+-----+--------+
         Total |   1155 |   1135 |     20 |    100 |    920 |   2 |  577.5 |
       Dungeon |   1155 |   1135 |     20 |    100 |    920 |   2 |  577.5 |
               +--------+--------+--------+--------+--------+-----+--------+

Top non-repeatable levels by time:
     D:1: 1086 daAuts
     D:2: 68 daAuts
